AoeStats
← Galoppus2

Arabian Desert

508710692Analyzed
1v1 RM · 9d ago on Sep 23, 2026· 15m 53s· 2 players
Game mode
Random Map
Map size
Tiny (2 player)
Population
200
Speed
Normal
Resources
Standard
Victory
Conquest
Starting age
Dark Age
Ending age
Imperial Age
RankedLock teamsTeams togetherTeam positionsShared explorationLock speedFull tech treeHidden civsTurbo modeCheats
Victory
Defeat
🇩🇪 Saxons · Germany
1276
+15
🇩🇪 Ethiopians · Germany
1250
-15
Horst der Graue
6:55 Loom
9:52 Feudal Age
9:59 Man-at-Arms
11:55 Double-Bit Axe
11:53 Horse Collar
Galoppus2
6:58 Loom
9:37 Feudal Age
10:18 Double-Bit Axe
9:59 Man-at-Arms
Connection lost

Rejoining the realm…

Still unreachable

The connection could not be restored.

Session expired

The server has moved on; the page needs a fresh start.